AoeStats
← patrick.boy63

Marketplace

505854159Analyzed
1v1 RM · 20d ago on Sep 11, 2026· 55m 48s· 2 players
Game mode
Random Map
Map size
Tiny (2 player)
Population
200
Speed
Normal
Resources
Standard
Victory
Conquest
Starting age
Dark Age
Ending age
Imperial Age
RankedLock teamsTeams togetherTeam positionsShared explorationLock speedFull tech treeHidden civsTurbo modeCheats
Victory
Defeat
🇬🇪 Khmer · Georgia
853
+15
🇨🇦 Spanish · Canada
840
-30
patrick.boy63
13:16 Feudal Age
11:32 Loom
14:25 Gold Mining
17:46 Double-Bit Axe
18:57 Fletching
25:35 Castle Age
29:27 Town Watch
39:22 Imperial Age
37:31 Wheelbarrow
40:36 Scale Barding Armor
42:44 Elite Conquistador
44:38 Ballistics
45:21 Chemistry
44:43 Ballistics
44:19 Murder Holes
45:18 Chain Barding Armor
52:40 Supremacy
52:52 Bombard Tower
EleneGeorgia
1:13 Loom
10:45 Feudal Age
11:17 Town Watch
11:34 Man-at-Arms
20:44 Castle Age
18:48 Double-Bit Axe
20:10 Horse Collar
20:23 Gold Mining
20:24 Stone Mining
22:50 Town Patrol
24:06 Bow Saw
28:39 Gold Shaft Mining
29:51 Wheelbarrow
30:31 Stone Shaft Mining
31:31 Heavy Plow
35:23 Imperial Age
33:09 Husbandry
34:28 Scale Barding Armor
34:23 Padded Archer Armor
34:03 Long Swordsman
37:16 Fletching
38:12 Chain Barding Armor
37:52 Padded Archer Armor
38:16 Cavalier
38:53 Bodkin Arrow
39:20 Ballistics
40:39 Hand Cart
42:58 Double Crossbow
43:19 Conscription
48:18 Chemistry
47:24 Siege Engineers
47:56 Plate Barding Armor
47:36 Leather Archer Armor
51:09 Leather Archer Armor
50:54 Bracer
50:54 Scale Mail Armor
Connection lost

Rejoining the realm…

Still unreachable

The connection could not be restored.

Session expired

The server has moved on; the page needs a fresh start.